[Event "Titled Tuesday Blitz November 08 Early 2022"]
[White "Buscar, Michael"]
[Black "Sovetbekova, Nurai"]
[WhiteFideId "2603616"]
[BlackFideId "13801910"]
[WhiteElo "2010"]
[BlackElo "1925"]
[Result "0-1"]
[Round "10"]
[TimeControl "180+1"]
[Date "2022.11.09"]
[WhiteClock "0:00:16"]
[BlackClock "0:00:06"]

1. e4 c5 2. Nf3 d6 3. d4 cxd4 4. Nxd4 Nf6 5. Nc3 a6 6. Bg5 e6 7. Be2 Be7 8. O-O O-O 9. a4 Nbd7 10. a5 Nc5 11. f3 Qc7 12. Be3 b5 13. axb6 Qxb6 14. Nb3 Qc7 15. Nxc5 dxc5 16. b3 Bb7 17. Qe1 Rfd8 18. Qf2 Nd7 19. Na4 Rdc8 20. Ra2 Nb6 21. Nxb6 Qxb6 22. Rfa1 Bf6 23. Rd1 Qc7 24. Ra4 a5 25. Rc4 Be7 26. Ra1 Ba6 27. Rca4 Bxe2 28. Qxe2 Bf6 29. R1a2 Rd8 30. Qe1 Bd4 31. Bxd4 cxd4 32. Rxa5 Rac8 33. Ra7 Qf4 34. Qf1 d3 35. cxd3 Rc1 36. Ra8 Qe3+ 37. Rf2 Rxf1+ 38. Kxf1 Rxa8 0-1


[Site "https://www.chess.com"]

[Event "Titled Tuesday Blitz November 08 Early 2022"]
[White "Butolo, Alexandru-Mircea"]
[Black "Osmonbekov, Talaibek"]
[WhiteFideId "1261649"]
[BlackFideId "2017253"]
[WhiteElo "1897"]
[BlackElo "2135"]
[Result "0-1"]
[Round "10"]
[TimeControl "180+1"]
[Date "2022.11.09"]
[WhiteClock "0:00:05"]
[BlackClock "0:00:39"]

1. d4 e6 2. Bf4 f5 3. Nc3 Nf6 4. Qd2 Bb4 5. a3 Ne4 6. Qd3 Nxc3 7. axb4 Nd5 8. Bd2 Nc6 9. b5 Nce7 10. c4 Nf6 11. Nf3 O-O 12. h4 b6 13. h5 Bb7 14. Bg5 a6 15. bxa6 Rxa6 16. Rxa6 Bxa6 17. h6 g6 18. Nd2 Qa8 19. Qa3 Kf7 20. e4 fxe4 21. Rh4 Bb7 22. Rf4 Nf5 23. g4 Qxa3 24. bxa3 Ra8 25. gxf5 exf5 26. d5 Rxa3 27. Bxf6 Kxf6 28. Bg2 Ke5 29. Rh4 b5 30. cxb5 Bxd5 31. Bf1 Ra1+ 32. Ke2 Ra2 33. f4+ exf3+ 34. Ke3 f4+ 35. Rxf4 Ra3+ 36. Bd3 Rxd3+ 37. Kxd3 Kxf4 0-1


[Site "https://www.chess.com"]

[Event "Titled Tuesday Blitz November 08 Early 2022"]
[White "Cabezas Solano, David Alejandro"]
[Black "Odegov, Artem"]
[WhiteFideId "6507522"]
[BlackFideId "34183644"]
[WhiteElo "2035"]
[BlackElo "2298"]
[Result "0-1"]
[Round "10"]
[TimeControl "180+1"]
[Date "2022.11.09"]
[WhiteClock "0:00:01"]
[BlackClock "0:00:44"]

1. d4 c5 2. d5 g6 3. g3 Bg7 4. Bg2 Nf6 5. Nc3 O-O 6. e4 d6 7. Nf3 e6 8. O-O exd5 9. exd5 Nbd7 10. Nd2 Nb6 11. a4 a5 12. h3 Bf5 13. g4 Bd7 14. Qe2 Re8 15. Qd3 h5 16. g5 Nh7 17. h4 Bf5 18. Qg3 Be5 19. f4 Bd4+ 20. Kh2 Re3 21. Nf3 Re8 22. Nxd4 cxd4 23. Nb5 Bxc2 24. Nxd4 Be4 25. f5 Bxg2 26. Qxg2 Qe7 27. fxg6 fxg6 28. Bf4 Qe4 29. Nb5 Qxg2+ 30. Kxg2 Nxd5 31. Nxd6 Re2+ 32. Kf3 Rxb2 33. Be5 Rb4 34. Rfd1 Rf8+ 35. Ke2 Nf4+ 36. Kd2 Ne6 37. Ke3 Rxh4 38. Rf1 Rh3+ 39. Ke4 Nhxg5+ 40. Kd5 Rd3+ 41. Kc4 Rdf3 42. Rg1 h4 43. Nxb7 h3 44. Nc5 Rc8 45. Bd6 Rf5 46. Rad1 Nxc5 47. Rd5 Nce6+ 0-1


[Site "https://www.chess.com"]

[Event "Titled Tuesday Blitz November 08 Early 2022"]
[White "Clawitter, Craig"]
[Black "Nita, Lucian"]
[WhiteFideId "2023105"]
[BlackFideId "1206923"]
[WhiteElo "2163"]
[BlackElo "2092"]
[Result "1-0"]
[Round "10"]
[TimeControl "180+1"]
[Date "2022.11.09"]
[WhiteClock "0:00:11"]
[BlackClock "0:01:07"]

1. e4 c5 2. Nf3 e6 3. d4 cxd4 4. Nxd4 Nf6 5. Nc3 Bb4 6. e5 Ne4 7. Qg4 Nxc3 8. Qxg7 Rf8 9. a3 Qa5 10. Nb3 Qd5 11. Bh6 Qe4+ 12. Be3 Nd5+ 13. axb4 Nxe3 14. fxe3 Qxc2 15. Rc1 Qxc1+ 16. Nxc1 Nc6 17. b5 Ne7 18. Bd3 b6 19. O-O Bb7 20. Ne2 O-O-O 21. Rxf7 Rg8 22. Rxe7 Rxg7 23. Rxg7 h6 24. Nf4 Rh8 25. g4 Kd8 26. h4 Bf3 27. Kf2 Bd1 28. Ng6 Re8 29. Rf7 Bxg4 30. Rf8 Bh5 31. Rxe8+ Kxe8 32. Nf4 Bf7 33. Bg6 Ke7 34. Bxf7 Kxf7 35. h5 Ke7 36. Kf3 d6 37. exd6+ Kxd6 38. Ke4 Kd7 39. Ke5 Ke7 40. Nxe6 Kf7 41. Nc7 Ke7 42. Kd5 Kd7 43. Ne6 Ke7 44. Nf4 Kf6 45. e4 Kg5 46. Ke5 Kg4 47. b4 Kg5 48. Nd5 Kxh5 49. Kd6 Kg6 50. e5 h5 51. e6 h4 52. e7 Kf7 53. Kd7 h3 54. e8=Q+ Kg7 55. Qe7+ Kh6 56. Qe6+ Kg5 57. Qxh3 Kg6 58. Qg4+ Kf7 59. Nxb6 axb6 60. Qf5+ Kg7 61. Qe6 Kh7 62. Qg4 Kh6 63. Ke7 1-0


[Site "https://www.chess.com"]

[Event "Titled Tuesday Blitz November 08 Early 2022"]
[White "Crevatin, Leo"]
[Black "Gritsenko, Nikolai"]
[WhiteFideId "1726307"]
[BlackFideId "14112493"]
[WhiteElo "2208"]
[BlackElo "2389"]
[Result "1-0"]
[Round "10"]
[TimeControl "180+1"]
[Date "2022.11.09"]
[WhiteClock "0:00:05"]
[BlackClock "0:00:01"]

1. e4 d5 2. exd5 Nf6 3. Nf3 Nxd5 4. d4 g6 5. c4 Nb6 6. Be2 Bg7 7. Nc3 O-O 8. Be3 Nc6 9. d5 Nb8 10. O-O c6 11. Bd4 Bxd4 12. Qxd4 cxd5 13. cxd5 N8d7 14. Rad1 Nf6 15. Rfe1 Bg4 16. a4 Bxf3 17. Bxf3 Nc8 18. h4 Nd6 19. h5 Re8 20. Re5 Qb6 21. Qxb6 axb6 22. Rd4 Rac8 23. Rb4 Kg7 24. Re1 Nd7 25. Be2 Rc5 26. hxg6 hxg6 27. Rd1 Rec8 28. Rdd4 Ne5 29. Rxb6 R8c7 30. g3 Nec4 31. Bxc4 Nxc4 32. Rb4 Nxb2 33. Nb5 Rc1+ 34. Kg2 R7c2 35. Na3 Re2 36. Rxb7 Nd1 37. Rf4 Rc3 38. Nb5 Rcc2 39. Nd4 Rxf2+ 40. Rxf2 Rxf2+ 41. Kg1 Rd2 42. Nc6 Rxd5 43. a5 Nc3 44. a6 Rd1+ 45. Kg2 Rd2+ 46. Kf1 Rd1+ 47. Kf2 Ne4+ 48. Kf3 f5 49. a7 Kf6 50. a8=Q Rd3+ 51. Ke2 Rxg3 52. Qf8+ Kg5 53. Qxe7+ Kg4 54. Ne5+ Kf4 55. Nd3+ Kg4 56. Qg7 Rg2+ 57. Ke3 Rg3+ 58. Kd4 Kf3 59. Qe5 Rg4 60. Rb2 Nf2+ 61. Kc3 Nd1+ 62. Kc2 Nxb2 63. Kxb2 Re4 64. Qf6 Ke3 65. Qxg6 Kxd3 66. Qxf5 Kd4 67. Qf6+ Kd5 68. Qf7+ Kd4 69. Kc2 Re2+ 70. Kd1 1-0


[Site "https://www.chess.com"]

[Event "Titled Tuesday Blitz November 08 Early 2022"]
[White "Cruz Mendez, Jean Marco"]
[Black "Begunov, Konstantin"]
[WhiteFideId "3526402"]
[BlackFideId "4118510"]
[WhiteElo "2064"]
[BlackElo "2140"]
[Result "1-0"]
[Round "10"]
[TimeControl "180+1"]
[Date "2022.11.09"]
[WhiteClock "0:00:59"]
[BlackClock "0:00:03"]

1. e4 c5 2. Nf3 d6 3. d4 cxd4 4. Nxd4 Nf6 5. Nc3 a6 6. Bg5 e6 7. f4 Qb6 8. a3 Nc6 9. Nb3 Be7 10. Bd3 O-O 11. Qf3 Na5 12. Nxa5 Qxb2 13. O-O Qxc3 14. Nb3 e5 15. Rae1 Be6 16. Nc1 Qxa3 17. h3 a5 18. g4 Qc5+ 19. Kh2 exf4 20. Bxf4 a4 21. e5 dxe5 22. Rxe5 Qb6 23. g5 Nd7 24. Rb5 Qd4 25. c3 Qa7 26. Rxb7 Qa5 27. Rb5 Qxc3 28. Bxh7+ Kxh7 29. Qxc3 a3 30. Qc2+ Kg8 31. Rb7 Rfc8 32. Qd3 a2 33. Nxa2 Rxa2+ 34. Kg3 Rac2 35. Rxd7 R8c3 36. Rd4 Rxd3+ 37. Rxd3 Bc5 38. Rfd1 g6 39. Rd8+ Kh7 40. Be5 f6 41. Bxf6 Bf2+ 42. Kf3 1-0


[Site "https://www.chess.com"]

[Event "Titled Tuesday Blitz November 08 Early 2022"]
[White "Csonka, Balazs"]
[Black "Lakshmi C"]
[WhiteFideId "742910"]
[BlackFideId "25035347"]
[WhiteElo "2404"]
[BlackElo "1865"]
[Result "1-0"]
[Round "10"]
[TimeControl "180+1"]
[Date "2022.11.09"]
[WhiteClock "0:00:09"]
[BlackClock "0:00:08"]

1. e4 c5 2. Nf3 Nc6 3. Bb5 g6 4. O-O Bg7 5. Re1 e6 6. c3 Qb6 7. Na3 a6 8. Nc4 Qc7 9. Bxc6 dxc6 10. e5 Bf8 11. d4 b5 12. Ncd2 Bb7 13. Ne4 O-O-O 14. Bg5 Rd7 15. dxc5 Rxd1 16. Raxd1 Ne7 17. Nd6+ Kb8 18. Nxf7 Rg8 19. Nd8 Bc8 20. Nd4 Nd5 21. N8xc6+ Ka8 22. Bd8 Qf7 23. Bb6 Nxb6 24. cxb6 Bc5 25. a4 bxa4 26. Ra1 Bxb6 27. Rxa4 Rf8 28. f3 Bb7 29. Kh1 Qd7 30. Rb4 Bc5 31. Rc4 Qd5 32. Rxc5 Qxc5 33. Nxe6 Qf2 34. Ra1 Rxf3 35. Nc7# 1-0


[Site "https://www.chess.com"]

[Event "Titled Tuesday Blitz November 08 Early 2022"]
[White "Dehtiarov, Roman"]
[Black "Cella, Glaucio Dalla Cortt"]
[WhiteFideId "14186640"]
[BlackFideId "2119455"]
[WhiteElo "2200"]
[BlackElo "2011"]
[Result "1-0"]
[Round "10"]
[TimeControl "180+1"]
[Date "2022.11.09"]
[WhiteClock "0:00:33"]
[BlackClock "0:00:01"]

1. e4 c5 2. Nc3 e6 3. f4 Nc6 4. Nf3 d5 5. Bb5 d4 6. Bxc6+ bxc6 7. Nb1 Ba6 8. d3 c4 9. O-O cxd3 10. cxd3 Qb6 11. b3 c5 12. Na3 Ne7 13. Ne5 Nc6 14. Nac4 Qc7 15. Nxc6 Qxc6 16. Bd2 Bxc4 17. bxc4 Bd6 18. Rb1 O-O 19. Qb3 Rab8 20. Qa3 Rxb1 21. Rxb1 Rb8 22. Rxb8+ Bxb8 23. Qa5 Qb6 24. Qa4 Qb1+ 25. Kf2 Bd6 26. Qb3 Qxb3 27. axb3 f6 28. Kf3 Kf7 29. g4 g6 30. h4 f5 31. g5 Bc7 32. Ke2 Ke7 33. Kd1 Kd6 34. Kc2 Kc6 35. Kb2 Kb6 36. Ka3 Ka6 37. Ka4 Bb6 38. e5 Kb7 39. b4 Kc6 40. Be1 Kb7 41. bxc5 Bxc5 42. Kb5 Bb6 43. c5 a6+ 44. Kc4 Ba7 45. Bf2 Kc6 46. Bxd4 a5 47. Be3 a4 48. d4 a3 49. Kb3 Kd5 50. Kxa3 Ke4 51. c6 Bb6 52. d5 1-0


[Site "https://www.chess.com"]

[Event "Titled Tuesday Blitz November 08 Early 2022"]
[White "Donskov, Anatoly"]
[Black "Szente Varga, Fruzsina"]
[WhiteFideId "24143413"]
[BlackFideId "712264"]
[WhiteElo "2219"]
[BlackElo "1994"]
[Result "1-0"]
[Round "10"]
[TimeControl "180+1"]
[Date "2022.11.09"]
[WhiteClock "0:01:59"]
[BlackClock "0:02:11"]

1. e4 e5 2. Nf3 Nc6 3. Bb5 a6 4. Ba4 Nf6 5. Qe2 b5 6. Bb3 Be7 7. c3 O-O 8. O-O Bb7 9. Rd1 Na5 10. Bc2 d6 11. d4 exd4 12. cxd4 Qc8 13. h3 c5 14. e5 dxe5 15. dxe5 Nd5 16. Rxd5 Bxd5 17. Qd3 g6 18. Qxd5 Rd8 19. Qe4 Nc4 20. Nc3 Qe6 21. Bf4 Nxb2 22. Ng5 Bxg5 23. Bxg5 Rd4 24. Qxa8+ 1-0


[Site "https://www.chess.com"]

[Event "Titled Tuesday Blitz November 08 Early 2022"]
[White "Dubov, Daniil"]
[Black "Tari, Aryan"]
[WhiteFideId "24126055"]
[BlackFideId "1510045"]
[WhiteElo "2791"]
[BlackElo "2612"]
[Result "0-1"]
[Round "10"]
[TimeControl "180+1"]
[Date "2022.11.08"]
[WhiteClock "0:00:07"]
[BlackClock "0:00:16"]

1. e4 e5 2. Nf3 Nc6 3. Nc3 Nf6 4. d4 exd4 5. Nxd4 Bb4 6. Nxc6 bxc6 7. Bd3 d5 8. exd5 O-O 9. O-O cxd5 10. Qf3 Rb8 11. h3 Re8 12. Bf4 Bd6 13. Bxd6 Qxd6 14. b3 c6 15. Rfe1 Bd7 16. Ne2 c5 17. Nf4 Bc6 18. Qg3 h6 19. Rad1 a5 20. Bf5 Rxe1+ 21. Rxe1 Rd8 22. h4 a4 23. Nd3 Qxg3 24. fxg3 c4 25. Ne5 Bb5 26. bxc4 Bxc4 27. a3 g6 28. Nc6 Rd6 29. Ne7+ Kf8 30. Bd3 Bxd3 31. cxd3 Rb6 32. Nc8 Rb3 33. Rf1 Kg7 34. Nd6 Rxd3 35. g4 g5 36. Nf5+ Kh7 37. Nd6 Nxg4 38. hxg5 hxg5 39. Nxf7 Kg6 40. Nh8+ Kh5 41. Re1 Rxa3 42. Nf7 Rb3 43. Kf1 a3 44. Ra1 Ne3+ 45. Kf2 Nc2 46. Rh1+ Kg6 47. Ne5+ Kf5 48. Nc6 a2 49. Rh6 Rb2 50. Kf3 Ne1+ 51. Ke3 Nxg2+ 52. Kf3 g4+ 53. Kg3 a1=Q 54. Nd4+ Ke4 55. Ne6 Rb3+ 56. Kxg4 Qd1+ 57. Kg5 Rg3+ 58. Kf6 Nf4 59. Nc5+ Kd4 60. Nd7 Rg6+ 61. Kf5 Rxh6 62. Ne5 Qh5+ 63. Kxf4 Rf6+ 0-1


[Site "https://www.chess.com"]

[Event "Titled Tuesday Blitz November 08 Early 2022"]
[White "Durarbayli, Vasif"]
[Black "Gholami Orimi, Mahdi"]
[WhiteFideId "13402935"]
[BlackFideId "12558486"]
[WhiteElo "2586"]
[BlackElo "2330"]
[Result "0-1"]
[Round "10"]
[TimeControl "180+1"]
[Date "2022.11.08"]
[WhiteClock "0:00:08"]
[BlackClock "0:00:41"]

1. e4 e5 2. Nf3 Nc6 3. Bb5 a6 4. Ba4 Nge7 5. c3 Ng6 6. d4 d6 7. h3 Be7 8. Be3 O-O 9. Nbd2 f5 10. exf5 Bxf5 11. d5 Nb8 12. Bc2 Nd7 13. Bxf5 Rxf5 14. Qc2 Qf8 15. c4 Qf7 16. h4 Rf8 17. O-O-O Nf4 18. Bxf4 Rxf4 19. Ne4 Qg6 20. Rde1 Qxg2 21. Nfg5 Bxg5 22. hxg5 g6 23. Rhg1 Qh3 24. Rg3 Qf5 25. Qe2 Nc5 26. f3 b6 27. Nf6+ Rxf6 28. gxf6 Nd3+ 29. Kd2 Nxe1 30. Kxe1 Kf7 31. Kf2 e4 0-1


[Site "https://www.chess.com"]

[Event "Titled Tuesday Blitz November 08 Early 2022"]
[White "Faizrakhmanov, Ramil"]
[Black "Yeremyan, Alen"]
[WhiteFideId "24103209"]
[BlackFideId "13308998"]
[WhiteElo "2437"]
[BlackElo "2159"]
[Result "1/2-1/2"]
[Round "10"]
[TimeControl "180+1"]
[Date "2022.11.08"]
[WhiteClock "0:00:05"]
[BlackClock "0:00:10"]

1. d4 Nf6 2. c4 g6 3. Nc3 d5 4. cxd5 Nxd5 5. e4 Nxc3 6. bxc3 Bg7 7. Nf3 O-O 8. Be2 c5 9. O-O cxd4 10. cxd4 Bg4 11. Be3 Nc6 12. d5 Bxf3 13. Bxf3 Ne5 14. Be2 Rc8 15. Qa4 a6 16. Rab1 b5 17. Qxa6 Nc4 18. Bf4 Ra8 19. Qc6 Rxa2 20. Bxc4 bxc4 21. Qxc4 Qa5 22. Rb7 Bf6 23. e5 Ra4 24. Qd3 Rxf4 25. exf6 Rxf6 26. Rxe7 Rd8 27. Rd1 Qc5 28. Re2 Rb6 29. g3 Rbd6 30. Red2 h5 31. h4 Ra8 32. Rc2 Qb6 33. Qf3 Rad8 34. Kg2 Qb7 35. Rc6 Qe7 36. Rxd6 Qxd6 37. Rd3 Qd7 38. d6 Qe6 39. Qf4 Rd7 40. Qd4 Qa2 41. Re3 Qa8+ 42. Kh2 Qd8 43. Rd3 Qa8 44. Qf6 Qf8 45. Rd5 Qb8 46. Rd4 Qf8 47. Kg2 Qg7 48. Qf4 Qf8 49. Rd5 Qa8 50. Qf3 Qc6 51. Kg1 Rxd6 52. Rd3 Qc1+ 53. Kg2 Re6 54. Rd8+ Kg7 55. Rd7 Rf6 56. Qd5 Qc2 57. Qd4 Qc6+ 58. Kg1 Qc1+ 59. Kg2 Qc6+ 60. Kh2 Qf3 61. Kg1 Kh7 62. Rd6 Rf5 63. Rd8 Rf6 64. Rd6 Rxd6 65. Qxd6 Qf5 66. Qd4 Qb1+ 67. Kg2 Qf5 68. Kg1 Qe6 69. Qd3 Qf6 70. Qd2 Kg7 71. Kg2 Qe6 72. Kg1 Qc6 73. Qd3 Qf6 74. Kg2 Qe6 1/2-1/2


[Site "https://www.chess.com"]

[Event "Titled Tuesday Blitz November 08 Early 2022"]
[White "Fajdetic, Hrvoje"]
[Black "Roque Sola, Jose Luis"]
[WhiteFideId "14501945"]
[BlackFideId "5120390"]
[WhiteElo "2172"]
[BlackElo "2117"]
[Result "1-0"]
[Round "10"]
[TimeControl "180+1"]
[Date "2022.11.09"]
[WhiteClock "0:00:08"]
[BlackClock "0:00:08"]

1. d4 Nf6 2. Bf4 d5 3. e3 c5 4. Nc3 e6 5. Nb5 Na6 6. c3 Be7 7. a4 O-O 8. Bd3 cxd4 9. exd4 Bd7 10. Nf3 Bxb5 11. axb5 Nc7 12. h4 Qd7 13. Ne5 Qd8 14. g4 Nd7 15. g5 Nxe5 16. Bxe5 Bd6 17. Qh5 g6 18. Qg4 Bxe5 19. dxe5 a6 20. h5 axb5 21. Rd1 Qe7 22. Qh4 Ra4 23. Qh3 Qxg5 24. hxg6 Qxe5+ 25. Kf1 h5 26. gxf7+ Rxf7 27. Rg1+ Rg7 28. Rxg7+ Qxg7 29. Re1 Rg4 30. Re3 Rg1+ 31. Ke2 Qg4+ 32. Qxg4+ hxg4 33. b3 Kf7 34. Rg3 Kf6 35. Rxg1 e5 36. Rxg4 e4 37. Bxe4 dxe4 38. Rxe4 Nd5 39. Kd2 Kf5 40. Rd4 Ke5 41. Rxd5+ Kxd5 42. Kd3 b4 43. cxb4 b5 44. f4 1-0


[Site "https://www.chess.com"]

[Event "Titled Tuesday Blitz November 08 Early 2022"]
[White "Farmani Anosheh, Armin"]
[Black "Do Nascimento,Christian Almeida"]
[WhiteFideId "24613240"]
[BlackFideId "2143801"]
[WhiteElo "2289"]
[BlackElo "2079"]
[Result "0-1"]
[Round "10"]
[TimeControl "180+1"]
[Date "2022.11.09"]
[WhiteClock "0:00:07"]
[BlackClock "0:00:45"]

1. e4 c5 2. Nf3 d6 3. Bb5+ Nd7 4. d4 cxd4 5. Qxd4 Nf6 6. c4 g6 7. O-O Bg7 8. h3 O-O 9. Bxd7 Nxd7 10. Qd3 b6 11. Nc3 Bb7 12. Re1 Nc5 13. Qc2 Rc8 14. Bg5 Ne6 15. b3 Nxg5 16. Nxg5 e6 17. Nf3 d5 18. exd5 exd5 19. Rad1 Qd7 20. Qd3 d4 21. Nxd4 Rcd8 22. Nce2 Rfe8 23. Qb1 Bxd4 24. Rxd4 Qc6 25. Rxd8 Qxg2# 0-1


[Site "https://www.chess.com"]

[Event "Titled Tuesday Blitz November 08 Early 2022"]
[White "Fawzy, Adham"]
[Black "Aaditya Dhingra"]
[WhiteFideId "10613129"]
[BlackFideId "25678191"]
[WhiteElo "2541"]
[BlackElo "2054"]
[Result "0-1"]
[Round "10"]
[TimeControl "180+1"]
[Date "2022.11.09"]
[WhiteClock "0:00:05"]
[BlackClock "0:00:09"]

1. e4 c6 2. d4 d5 3. e5 Bf5 4. Nf3 e6 5. Be2 Ne7 6. c3 Nd7 7. O-O Nc8 8. a4 Be7 9. a5 a6 10. b4 O-O 11. Bd3 Bxd3 12. Qxd3 f6 13. Bf4 fxe5 14. Bxe5 Nd6 15. Nbd2 Nxe5 16. Nxe5 Bf6 17. Rae1 Bxe5 18. Rxe5 Qf6 19. Qe2 Rae8 20. Re1 Rf7 21. f3 Rfe7 22. Qd3 Nf7 23. R5e2 e5 24. Nb3 exd4 25. cxd4 Nd6 26. Kh1 Nb5 27. h3 h6 28. Kh2 Qf4+ 29. g3 Qf6 30. Kg2 Rxe2+ 31. Rxe2 Rxe2+ 32. Qxe2 Nxd4 33. Qe8+ Kh7 34. Nc5 Qxf3+ 35. Kh2 Qf2+ 36. Kh1 Qf1+ 37. Kh2 Nf3# 0-1


[Site "https://www.chess.com"]

[Event "Titled Tuesday Blitz November 08 Early 2022"]
[White "Fernandez Guillen, Ernesto J."]
[Black "Streltsov, Alexey"]
[WhiteFideId "3512428"]
[BlackFideId "24104434"]
[WhiteElo "2450"]
[BlackElo "2594"]
[Result "1-0"]
[Round "10"]
[TimeControl "180+1"]
[Date "2022.11.09"]
[WhiteClock "0:00:13"]
[BlackClock "0:00:23"]

1. e4 c6 2. d4 d5 3. e5 Bf5 4. c3 e6 5. Bd3 Bxd3 6. Qxd3 c5 7. Ne2 Nc6 8. O-O Nge7 9. Nd2 h5 10. Nf3 Nf5 11. h3 Qb6 12. Be3 c4 13. Qc2 a6 14. b3 Na5 15. Rfb1 Qc7 16. b4 Nc6 17. b5 axb5 18. Rxb5 Ba3 19. Rab1 Ra7 20. Nf4 g6 21. g4 hxg4 22. hxg4 Nh6 23. Nh2 Qe7 24. f3 Ng8 25. Ng2 Kd8 26. Qd2 Kc8 27. Bg5 Qd7 28. Nf1 Nge7 29. Ng3 Kb8 30. Ne1 Nc8 31. Nc2 Be7 32. R1b2 Bxg5 33. Qxg5 Qe7 34. Qxe7 N8xe7 35. Kg2 Kc7 36. f4 Rh4 37. Ne3 Nd8 38. Ne2 Ra3 39. f5 gxf5 40. gxf5 Rh5 41. f6 Nf5 42. Kf3 Rh3+ 43. Kf4 Rxe3 44. Rc5+ Kd7 45. Rcb5 Ra6 46. Rxb7+ Nxb7 47. Rxb7+ Ke8 48. Rb8+ Kd7 49. Rb7+ Kc6 50. Rxf7 Rxe2 51. Rf8 Raxa2 52. Rc8+ Kb7 53. f7 Rg2 54. Rb8+ Kc7 55. Rc8+ Kd7 56. Rd8+ Ke7 57. f8=Q# 1-0


[Site "https://www.chess.com"]

[Event "Titled Tuesday Blitz November 08 Early 2022"]
[White "Fernandez Siles, Luis"]
[Black "Luxama, Jacques Muller"]
[WhiteFideId "2209420"]
[BlackFideId "11900113"]
[WhiteElo "2186"]
[BlackElo "1931"]
[Result "0-1"]
[Round "10"]
[TimeControl "180+1"]
[Date "2022.11.09"]
[WhiteClock "0:01:45"]
[BlackClock "0:01:48"]

1. e4 c5 2. Nf3 d6 3. Bb5+ Nd7 4. O-O Nf6 5. Re1 a6 6. Bf1 e6 7. c3 Be7 8. d4 cxd4 9. cxd4 d5 10. e5 Ne4 11. Nbd2 Nxd2 12. Bxd2 O-O 13. Rc1 f5 14. exf6 Nxf6 15. Ne5 Ne4 16. f3 Nxd2 17. Qxd2 Bg5 18. Qb4 Bxc1 19. Rxc1 b5 20. Rc6 Qg5 21. Qc3 Bb7 22. Rxe6 Rac8 23. Qe1 Rc1 24. Qxc1 Qxc1 25. Nd7 Bc8 0-1


[Site "https://www.chess.com"]

[Event "Titled Tuesday Blitz November 08 Early 2022"]
[White "Firat, Burak"]
[Black "Namitbir Singh Walia"]
[WhiteFideId "6305881"]
[BlackFideId "35071068"]
[WhiteElo "2392"]
[BlackElo "2239"]
[Result "0-1"]
[Round "10"]
[TimeControl "180+1"]
[Date "2022.11.09"]
[WhiteClock "0:01:03"]
[BlackClock "0:01:43"]

1. Nf3 Nf6 2. d4 e6 3. c4 Bb4+ 4. Nbd2 b6 5. a3 Bxd2+ 6. Qxd2 Bb7 7. e3 a5 8. b3 d6 9. Be2 Nbd7 10. Qc2 O-O 11. O-O e5 12. Bb2 Qe7 13. b4 Be4 14. Qb3 h6 15. Bc3 Bf5 16. dxe5 dxe5 17. bxa5 bxa5 18. a4 Ne4 19. Be1 Rfb8 20. Qa2 Nec5 21. Bc3 Ne4 22. Bb2 f6 23. Ba3 Qf7 24. Rfc1 Ndc5 25. Rab1 Nxa4 26. Rxb8+ Rxb8 27. Bd3 Nec3 28. Qc2 Bxd3 29. Qxd3 e4 0-1


[Site "https://www.chess.com"]

[Event "Titled Tuesday Blitz November 08 Early 2022"]
[White "Firouzja, Alireza"]
[Black "Le, Tuan Minh"]
[WhiteFideId "12573981"]
[BlackFideId "12401153"]
[WhiteElo "2903"]
[BlackElo "2530"]
[Result "0-1"]
[Round "10"]
[TimeControl "180+1"]
[Date "2022.11.08"]
[WhiteClock "0:00:04"]
[BlackClock "0:00:14"]

1. d4 d5 2. Bg5 h6 3. Bh4 c6 4. Nf3 Qb6 5. Qc1 Bf5 6. c4 e6 7. cxd5 exd5 8. Nc3 Nd7 9. e3 Ngf6 10. Be2 Bd6 11. O-O O-O 12. a3 a5 13. Na4 Qc7 14. Nc5 a4 15. Nxd7 Nxd7 16. Qc3 Rfe8 17. Rfc1 Qb6 18. Bg3 Bf8 19. Nd2 Nf6 20. f3 Rac8 21. b4 axb3 22. Nxb3 Nd7 23. Bf2 Bd6 24. Nc5 Qc7 25. g4 Be6 26. Nxe6 Rxe6 27. Kg2 Bxh2 28. Bd3 Bd6 29. Rh1 Rce8 30. Bf5 R6e7 31. Rh3 Nf8 32. Rah1 c5 33. Rc1 c4 34. e4 dxe4 35. fxe4 Rxe4 36. Bxe4 Rxe4 37. Qxc4 Qd7 38. Qd3 Qxg4+ 39. Kh1 Ng6 40. Rg1 Qf5 41. Rf3 Nf4 42. Bh4 Nxd3 43. Rxf5 Rxh4+ 44. Kg2 Rxd4 45. Rb1 Nc5 46. Rb5 g6 47. Rf6 Kg7 48. Rf3 Rd2+ 49. Kf1 g5 50. Ke1 Rd4 51. Re3 g4 52. Re8 h5 53. Re2 h4 54. Kf1 h3 55. Rb1 g3 56. Kg1 Ne4 57. Kh1 Rd2 0-1


[Site "https://www.chess.com"]

[Event "Titled Tuesday Blitz November 08 Early 2022"]
[White "Forgacs, Attila Jr."]
[Black "czernikowskqa"]
[WhiteFideId "773654"]
[WhiteElo "2168"]
[BlackElo "1952"]
[Result "1-0"]
[Round "10"]
[TimeControl "180+1"]
[Date "2022.11.09"]
[WhiteClock "0:00:34"]
[BlackClock "0:00:02"]

1. e4 e6 2. d4 d5 3. Nc3 Bb4 4. e5 c5 5. a3 Bxc3+ 6. bxc3 Qc7 7. Qg4 Ne7 8. Qxg7 Rg8 9. Qxh7 cxd4 10. Ne2 dxc3 11. f4 Nd7 12. h4 b6 13. h5 Bb7 14. h6 Nf8 15. Qd3 Rc8 16. g4 Qc4 17. h7 Rh8 18. Nd4 Qxd3 19. Bxd3 Neg6 20. Nf3 d4 21. Kf2 Rxh7 22. Rxh7 Nxh7 23. Nxd4 Nhf8 24. Be3 Nd7 25. Bxg6 fxg6 26. Nxe6 Kf7 27. Ng5+ Kg7 28. e6 Nc5 29. Bd4+ Kf8 30. Re1 Ke7 31. f5 gxf5 32. gxf5 Rf8 33. f6+ Rxf6+ 34. Bxf6+ Kxf6 35. e7 Bc6 36. Nf3 Kf7 37. Ne5+ Kxe7 38. Nxc6+ Kd6 39. Nxa7 Kc7 40. Nb5+ Kc6 41. Nxc3 Nd7 42. a4 Nc5 43. Rh1 Kb7 44. Rh6 Ka6 45. Ke3 Ka5 46. Kd4 Nxa4 47. Nxa4 Kxa4 48. Rxb6 Ka3 49. Kc3 Ka2 50. Rh6 Ka1 51. Rh1+ Ka2 52. Rg1 Ka3 53. Ra1# 1-0


[Site "https://www.chess.com"]

[Event "Titled Tuesday Blitz November 08 Early 2022"]
[White "Gabrielian, Artur"]
[Black "D`Arruda, Ricardo D."]
[WhiteFideId "4131002"]
[BlackFideId "100692"]
[WhiteElo "2432"]
[BlackElo "2518"]
[Result "1-0"]
[Round "10"]
[TimeControl "180+1"]
[Date "2022.11.09"]
[WhiteClock "0:01:11"]
[BlackClock "0:01:18"]

1. d4 Nf6 2. c4 e5 3. dxe5 Ne4 4. Nf3 Nc6 5. a3 d6 6. Nbd2 Nxd2 7. Qxd2 dxe5 8. Qxd8+ Kxd8 9. g3 Be6 10. b3 a5 11. Bb2 f6 12. O-O-O+ Ke8 13. e3 Be7 14. Nd2 Kf7 15. Be2 Rad8 16. Ne4 b6 17. Nc3 Bd6 18. Nb5 Ne7 19. e4 Bc5 20. Nxc7 Bxf2 21. Nd5 Bc5 22. Rhf1 Nc6 23. Bh5+ Kg8 24. b4 axb4 25. axb4 Bd4 26. Bxd4 Nxd4 27. Nxb6 Bxc4 28. Nxc4 Rc8 29. Rxd4 exd4 30. Be2 Kf7 31. Kc2 Rb8 32. Kb3 Rhe8 33. Bd3 Ke6 34. Ra1 Ra8 35. Ra5 Reb8 36. Nb6 Rxa5 37. bxa5 Kd6 38. Kc4 Kc6 39. Kxd4 Rd8+ 40. Nd5 Rb8 41. a6 Rb2 42. h4 Ra2 43. Nb4+ 1-0


[Site "https://www.chess.com"]

[Event "Titled Tuesday Blitz November 08 Early 2022"]
[White "Galchenko, Matvey"]
[Black "Martinez Alcantara, Jose Eduardo"]
[WhiteFideId "24175480"]
[BlackFideId "3805662"]
[WhiteElo "2403"]
[BlackElo "2705"]
[Result "0-1"]
[Round "10"]
[TimeControl "180+1"]
[Date "2022.11.08"]
[WhiteClock "0:00:03"]
[BlackClock "0:00:17"]

1. f4 g6 2. Nf3 Bg7 3. g3 d6 4. d3 e5 5. Nc3 Nc6 6. Bg2 Nge7 7. O-O O-O 8. e4 exf4 9. Bxf4 h6 10. Qd2 Kh7 11. Rae1 Be6 12. d4 d5 13. exd5 Nxd5 14. Nxd5 Bxd5 15. c3 Bxa2 16. Ne5 Bd5 17. Nxc6 bxc6 18. Ra1 a5 19. Qc2 Re8 20. h4 h5 21. Bxd5 cxd5 22. Rf2 c6 23. Kh2 Qd7 24. Raf1 f5 25. Ra1 Qb7 26. Qa4 Kg8 27. Qa3 Bf8 28. Bd6 Bg7 29. Qc5 Re6 30. Qa3 Qb5 31. Bc7 a4 32. Kg2 Bf8 33. Qa2 Re2 34. Qb1 Rae8 35. Be5 Bg7 36. Qf1 Rxf2+ 37. Qxf2 Bxe5 38. Re1 c5 39. Rxe5 Rxe5 40. dxe5 Kf7 41. e6+ Kxe6 42. Qe3+ Kd7 43. Qd2 Qc4 44. Qh6 Qe2+ 45. Kh3 Qe6 46. Kh2 Kc6 47. Qg7 Kb5 48. Qf8 Kc4 49. Qb8 d4 50. cxd4 cxd4 51. Qc7+ Kd3 52. Qa5 Qc4 53. Kh3 Kc2 54. Qb6 d3 55. Qxg6 d2 56. Qxf5+ Qd3 57. Qc5+ Kb1 0-1


[Site "https://www.chess.com"]